 Dungeon Crawl Stone Soup version 0.22.1-5-g62c59d9 (webtiles) character file.

85393 nuthulu the Bludgeoner (level 15, -7/64 HPs)
             Began as a Gargoyle Fighter on Jan 7, 2019.
             Was the Champion of Okawaru.
             Mangled by a tentacled starspawn (23 damage)
             ... on level 3 of the Abyss.
             The game lasted 01:05:30 (26409 turns).

nuthulu the Bludgeoner (Gargoyle Fighter)          Turns: 26409, Time: 01:05:31

Health: -7/64      AC: 34    Str: 21 (23) XL:     15   Next: 83%
Magic:  14/14      EV:  7    Int: -1 (0)  God:    Okawaru [******]
Gold:   707        SH: 17    Dex: 15 (17) Spells: 14/14 levels left

rFire    . . .     SeeInvis .   n - +6 morningstar (freeze)
rCold    . . .     Gourm    .   c - +3 shield
rNeg     + . .     Faith    .   O - +8 plate armour of Activism {Int-4 Slay+5}
rPois    ∞         Spirit   .   (helmet restricted)
rElec    +         Reflect  .   E - scarf {repulsion}
rCorr    .         Harm     .   N - +0 pair of gloves
MR       +....     Rnd*Rage +   b - +1 pair of boots {run} Stlth ..........Rnd*Tele +
                                (no amulet)
HPRegen  0.00/turn              s - +6 ring of dexterity
MPRegen  0.14/turn              A - +6 ring of dexterity

@: berserk cooldown, flying, slowed, lost intelligence, repel missiles, very
slow
A: big wings, beak, [berserk 3], blink, [blurry vision 3], [clumsy 2], [deformed
body], deterioration 1[+1], [dopey 2], [frail 3], [low mp 3], negative energy
resistance 1, [screaming 3], electricity resistance, [inhibited regeneration],
[teleportitis 3], [weak 2], unbreathing, petrification resistance, [no potion
heal 2], rot immunity, [subdued magic 3], AC +11
a: Stop Flying, Blink, Heroism, Finesse, Renounce Religion


You were on level 3 of the Abyss.
You worshipped Okawaru.
Okawaru was exalted by your worship.
You were full.

You visited 4 branches of the dungeon, and saw 22 of its levels.
You visited the Abyss 1 time.
You also visited: Labyrinth.

You collected 2083 gold pieces.
You spent 1376 gold pieces at shops.

Inventory:

Hand Weapons
 n - a +6 morningstar of freezing (weapon)
 x - the +6 shillelagh "Devastator" {shatter}
   (You acquired it on level 11 of the Dungeon)
 F - the +4 mace "Fuuf" {antimagic, +Rage rF+++ Int-5 Stlth-}
   (You found it in a labyrinth)

   It reduces the magical energy of the wielder, and disrupts the spells and
   magical abilities of those hit.
   Natural abilities and divine invocations are not affected.
   It affects your intelligence (-5).
   It renders you almost immune to fire.
   It lets you go berserk.
   It makes you less stealthy.
Missiles
 v - 4 throwing nets (quivered)
Armour
 b - a +1 pair of boots of running (worn)
 c - a +3 shield (worn)
 C - +2 gold dragon scales
 E - a scarf of repulsion (worn)
 N - a +0 pair of gloves (worn)
 O - the +8 plate armour of Activism (worn) {Int-4 Slay+5}
   (You bought it in a shop on level 2 of the Orcish Mines)

   It affects your intelligence (-4).
   It affects your accuracy and damage with ranged weapons and melee attacks
   (+5).
Jewellery
 r - an uncursed ring of protection from fire
 s - a +6 ring of dexterity (left hand)
 y - an uncursed ring of fire
 A - a +6 ring of dexterity (right hand)
 B - an uncursed ring of protection from cold
Wands
 a - a wand of disintegration (11)
 g - a wand of iceblast (22)
 p - a wand of digging (11)
 t - a wand of paralysis (31)
 w - a wand of flame (34)
 D - a wand of scattershot (2)
 H - a wand of polymorph (19)
 J - a wand of enslavement (14)
 M - a wand of acid (3)
Scrolls
 i - 3 scrolls of teleportation
 l - 7 scrolls of remove curse
 m - 3 scrolls of amnesia
 o - 5 scrolls of identify
 G - 4 scrolls of magic mapping
 I - a scroll of blinking
Potions
 d - 3 potions of might
 e - a potion of cancellation
 h - a potion of agility
 j - a potion of flight
 k - 2 potions of resistance
 q - 6 potions of curing
 u - 3 potions of haste
 z - 3 potions of berserk rage
 K - 2 potions of heal wounds
 L - a potion of lignification
 P - a potion of invisibility
Comestibles
 f - 27 rations


   Skills:
 - Level 10.2 Fighting
 - Level 16.0 Maces & Flails
 * Level 14.2 Armour
 - Level 15.3 Shields
 + Level 7.8 Invocations


You had 14 spell levels left.
You didn't know any spells.
Your spell library contained the following spells:

 Spells                   Type           Power        Failure   Level  Hunger
 Beastly Appendage        Tmut           #.....       100%        1    ##.....
 Confusing Touch          Hex            #.....       100%        1    ##.....
 Corona                   Hex            #......      100%        1    ##.....
 Magic Dart               Conj           #...         100%        1    ##.....
 Shock                    Conj/Air       #...         100%        1    ##.....
 Sting                    Conj/Pois      #...         100%        1    ##.....
 Blink                    Tloc           N/A          100%        2    ###....
 Call Imp                 Summ           #.......     100%        2    ###....
 Ensorcelled Hibernation  Hex/Ice        #.....       100%        2    ###....
 Slow                     Hex            #.......     100%        2    ###....
 Sticks to Snakes         Tmut           #.......     100%        2    ###....
 Swiftness                Chrm/Air       #.......     100%        2    ###....
 Confuse                  Hex            #.......     100%        3    ####...
 Conjure Flame            Conj/Fire      #.......     100%        3    ####...
 Dazzling Spray           Conj/Hex       #.....       100%        3    ####...
 Gell's Gravitas          Tloc           #.........   100%        3    ####...
 Ignite Poison            Fire/Tmut/Pois #.......     100%        3    ####...
 Mephitic Cloud           Conj/Pois/Air  #.......     100%        3    ####...
 Spider Form              Tmut/Pois      #.........   100%        3    ####...
 Static Discharge         Conj/Air       #.......     100%        3    ####...
 Tukima's Dance           Hex            #.......     100%        3    ####...
 Airstrike                Air            #.........   100%        4    #####..
 Force Lance              Conj/Tloc      #.......     100%        4    #####..
 Ice Form                 Ice/Tmut       #.......     100%        4    #####..
 Petrify                  Tmut/Erth      #.......     100%        4    #####..
 Blade Hands              Tmut           #.........   100%        5    ######.
 Lightning Bolt           Conj/Air       #.........   100%        5    ######.
 Metabolic Englaciation   Hex/Ice        #.........   100%        5    ######.
 Silence                  Hex/Air        #.........   100%        5    ######.
 Yara's Violent Unravell  Hex/Tmut       #.........   100%        5    ######.
 Bolt of Cold             Conj/Ice       #.........   100%        6    #######
 Freezing Cloud           Conj/Ice/Air   #.........   100%        6    #######
 Iron Shot                Conj/Erth      #.........   100%        6    #######


Dungeon Overview and Level Annotations

Branches:
Dungeon (13/15)            Temple (1/1) D:7            Lair (6/6) D:10
  Swamp (0/4) Lair:3       Spider (0/4) Lair:2        Slime (0/5) Lair:6
    Orc (2/2) D:9
    Elf: Orc:2       Vaults: D:13-14

Altars:
Cheibriados
Dithmenos
Fedhas
Gozag
Hepliaklqana
Nemelex Xobeh
Okawaru
Ru
Uskayaw
Vehumet
Xom
Yredelemnul
The Shining One
Beogh

Shops:
D:7 (   Orc:2 }(!:%[

Portals:
Pandemonium: Orc:2

Annotations:
Lair:1 exclusion: oklob plant
Lair:3 exclusion: oklob plant
Orc:2 Saint Roka


Innate Abilities, Weirdness & Mutations

You are resistant to torment.
Your stone body is resilient. (AC +11)
You are immune to poison.
Your large and strong wings let you fly indefinitely.
You resist negative energy. (rN+)
You are resistant to electric shocks. (rElec)
You can survive without breathing.
You are immune to petrification.
You are immune to rotting.
You have a beak for a mouth.
You can translocate small distances at will.
[You have an uncontrollable temper.]
[Scrolls take you much longer to read.]
[You are very clumsy. (Dex -4)]
[Armour fits poorly on your strangely shaped body.]
[Your body often deteriorates upon taking damage.]
[You are very dopey. (Int -4)]
[You are extremely frail. (-30% HP)]
[Your magical capacity is extremely low. (-30% MP)]
[You frequently scream uncontrollably at your foes.]
[You do not regenerate when monsters are visible.]
[You are often teleported next to monsters.]
[You are very weak. (Str -4)]
[Potions are poor at restoring your health.]
[Your spells are much easier to cast, but much less powerful.]


Message History

The tentacled starspawn bites you but does no damage.
The tentacled starspawn engulfs you.
* * * LOW HITPOINT WARNING * * *
The starspawn tentacle constricts you.
You block the tentacled starspawn's attack.
The tentacled starspawn engulfs you but does no damage.
The ynoxinul gestures.
You hit the starspawn tentacle. You freeze the starspawn tentacle.
You peck the starspawn tentacle.
You destroy the starspawn tentacle!
A tentacle flies out from the starspawn's body!
The starspawn tentacle constricts you.
The tentacled starspawn bites you but does no damage.
The tentacled starspawn engulfs you but does no damage.
A starspawn tentacle comes into view.
You impale the starspawn tentacle!! You freeze the starspawn tentacle.
You destroy the starspawn tentacle!
You block the starspawn tentacle's attack.
The tentacled starspawn bites you!!
You die...

#... ...... ### ...
....# #..##.# #.. .
# ≈ #)....####....##
≈.##..Λ...##... ..##
....5/w\.# .. ...
....│5│*│####..#####
.≈..│3wXX...#..
.≈/..\.@....# .#
......w....#####
.....#..#.#.#
........####..
....≈..≈# ....
.≈...#### ... ....#
.. ...


You could see 2 tentacled starspawn, a wretched star, a ynoxinul, 3 starspawn
tentacles and 2 ufetubi.

Vanquished Creatures
  Kirke (Lair:5)
  A vampire knight (D:11)
  A minotaur (Lab)
  An ettin (Orc:2)
  Harold (Lair:2)
  A catoblepas (Lair:6)
  6 hydras
  A centaur warrior (D:13)
  14 death yaks
  A deep troll shaman (Lair:6)
  6 two-headed ogres
  5 orc high priests (Orc:2)
  The ghost of Valentain the Stinger, a novice OpVM of Fedhas (D:9)
  A sun demon (Abyss:3)
  Sonja (Lair:2)
  3 wretched stars (Abyss:3)
  A soul eater (Orc:2)
  6 slime creatures (D:12)
  A sixfirhy (D:7)
  A gelid demonspawn (Orc:2)
  A torturous demonspawn (Orc:2)
  A phantasmal warrior (D:11)
  Pikel (D:6)
  An orb spider (Lair:2)
  A deep elf mage (D:13)
  2 cyclopes
  4 orc knights (Orc:2)
  8 orc sorcerers (Orc:2)
  3 elephants (Lair:6)
  An orange demon (Orc:2)
  2 black mambas
  A smoke demon (Abyss:3)
  2 rime drakes
  A gargoyle (D:11)
  4 kobold demonologists
  10 spiny frogs
  An ancient zyme (Abyss:3)
  A hellwing (Orc:2)
  2 red devils (Orc:2)
  4 trolls
  4 polar bears
  2 tengu conjurers (D:12)
  2 hornets
  Prince Ribbit (D:6)
  27 blink frogs
  14 hippogriffs
  6 dream sheep
  Sigmund (D:6)
  2 shadows
  3 water elementals
  A wraith (D:9)
  A human (D:7)
  24 yaks
  4 wyverns
  2 basilisks
  6 hogs
  2 hungry ghosts
  Eustachio (D:4)
  2 steam dragons
  4 vampire mosquitoes (D:12)
  A warg (Orc:2)
  2 two-headed ogre zombies (D:9)
  Menkaure (D:7)
  Duvessa (D:6)
  A soldier ant (D:12)
  7 porcupines
  14 water moccasins
  2 hornet zombies
  17 orc warriors
  2 sky beasts
  A slave (D:6)
  An eye of draining (D:13)
  4 black bears
  12 ice beasts
  10 ogres
  2 phantoms (D:6)
  42 wolves
  4 boggarts (Lair:4)
  8 centaurs
  13 crocodiles
  2 gnoll sergeants
  13 bullfrogs
  5 big kobolds
  Dowan (D:6)
  A scorpion (D:5)
  4 killer bees (D:11)
  3 troll zombies (D:9)
  16 wights
  3 electric eels
  6 howler monkeys
  6 crimson imps
  3 centaur zombies
  13 hounds
  A wyvern simulacrum (D:11)
  3 jellies
  18 orc priests
  20 orc wizards
  A bullfrog skeleton (D:10)
  A centaur skeleton (D:4)
  A gnoll shaman (D:8)
  2 iguanas
  10 worker ants
  A killer bee zombie (D:8)
  3 ogre zombies (D:9)
  2 hound zombies
  2 hound skeletons
  2 worker ant zombies (D:11)
  14 gnolls
  12 adders
  A river rat (D:10)
  2 shadow imps
  An ooze (D:3)
  3 worms
  2 dart slugs
  8 leopard geckos
  73 orcs
  8 giant cockroaches
  13 goblins
  11 hobgoblins
  9 jackals
  23 kobolds
  8 quokkas
  A ball python (D:5)
  11 bats
  3 frilled lizards
  A goblin skeleton (D:9)
  4 goblin zombies (D:9)
  2 hobgoblin skeletons (D:9)
  4 hobgoblin zombies (D:9)
  2 jackal skeletons (D:4)
  A jackal zombie (D:8)
  2 orc skeletons (D:9)
  12 orc zombies (D:9)
  A quokka skeleton (D:4)
  9 rats
  3 starspawn tentacles (Abyss:3)
746 creatures vanquished.

Vanquished Creatures (others)
  A slave (D:6)
  9 fungi
  16 plants
  A starspawn tentacle (Abyss:3)
27 creatures vanquished.

Grand Total: 773 creatures vanquished

Notes
Turn   | Place    | Note
-------+----------+-------------------------------------------
     0 | D:1      | nuthulu the Gargoyle Fighter began the quest for the Orb.
     0 | D:1      | Reached XP level 1. HP: 14/14 MP: 1/1
    62 | D:1      | Reached XP level 2. HP: 15/19 MP: 2/2
   768 | D:2      | Reached skill level 3 in Maces & Flails
   768 | D:2      | Reached XP level 3. HP: 15/24 MP: 3/3
  1256 | D:2      | Found a snail-covered altar of Cheibriados.
  1420 | D:2      | Noticed an ice beast
  1432 | D:2      | Killed an ice beast
  1432 | D:2      | Reached skill level 4 in Maces & Flails
  1432 | D:2      | Reached XP level 4. HP: 29/30 MP: 4/4
  1432 | D:2      | Reached XP level 5. HP: 33/34 MP: 5/5
  1935 | D:3      | Found an iron altar of Okawaru.
  2062 | D:3      | Became a worshipper of Warmaster Okawaru
  2097 | D:3      | Reached skill level 5 in Maces & Flails
  2194 | D:3      | Reached XP level 6. HP: 35/40 MP: 6/6
  2269 | D:3      | Reached skill level 5 in Fighting
  2372 | D:3      | Found an opulent altar of Gozag.
  3268 | D:4      | Reached * piety under Okawaru
  3268 | D:4      | Reached skill level 6 in Maces & Flails
  3276 | D:4      | Reached XP level 7. HP: 43/44 MP: 7/7
  3383 | D:4      | Noticed Eustachio
  4258 | D:4      | Killed Eustachio
  4258 | D:4      | Reached skill level 7 in Maces & Flails
  4263 | D:4      | Found a sparkling altar of Nemelex Xobeh.
  4279 | D:4      | Found a radiant altar of Vehumet.
  4687 | D:5      | Entered Level 5 of the Dungeon
  4803 | D:5      | Reached XP level 8. HP: 51/52 MP: 8/8
  5102 | D:5      | Reached ** piety under Okawaru
  5102 | D:5      | Reached skill level 8 in Maces & Flails
  5912 | D:6      | Noticed Prince Ribbit
  6424 | D:6      | Killed Prince Ribbit
  6424 | D:6      | Reached skill level 9 in Maces & Flails
  6452 | D:6      | Reached XP level 9. HP: 38/58 MP: 9/9
  6482 | D:6      | Noticed Dowan
  6623 | D:6      | Killed Dowan
  6733 | D:6      | Noticed Pikel
  6815 | D:6      | Killed Pikel
  6815 | D:6      | Reached *** piety under Okawaru
  6815 | D:6      | Reached skill level 10 in Maces & Flails
  6901 | D:6      | Noticed Duvessa
  6925 | D:6      | Killed Duvessa
  6947 | D:6      | Noticed Sigmund
  6958 | D:6      | Killed Sigmund
  7384 | D:6      | Received a gift from Okawaru
  7601 | D:7      | Noticed Menkaure
  7710 | D:6      | Reached skill level 11 in Maces & Flails
  7806 | D:7      | Killed Menkaure
  8009 | D:7      | Found Boimiar's Antique Weapon Shop.
  8016 | D:7      | Reached XP level 10. HP: 65/66 MP: 10/10
  8064 | D:7      | Found a shimmering altar of Xom.
  8155 | D:7      | Found a runed door.
  8155 | D:7      | Noticed a sixfirhy
  8192 | D:7      | Killed a sixfirhy
  8192 | D:7      | Reached **** piety under Okawaru
  8493 | D:7      | Reached skill level 12 in Maces & Flails
  8518 | D:7      | Reached skill level 10 in Fighting
  8804 | D:7      | Found a staircase to the Ecumenical Temple.
  8811 | Temple   | Entered the Ecumenical Temple
  9861 | D:8      | Reached ***** piety under Okawaru
  9861 | D:8      | Reached skill level 13 in Maces & Flails
 10320 | D:9      | Found a runed gate.
 10320 | D:9      | Found a runed gate.
 10320 | D:9      | Found a runed gate.
 10339 | D:9      | Noticed Valentain's ghost (novice OpVM)
 10370 | D:8      | Reached XP level 11. HP: 59/72 MP: 11/11
 10735 | D:9      | Killed Valentain's ghost
 10735 | D:9      | Reached skill level 14 in Maces & Flails
 10912 | D:9      | Received a gift from Okawaru
 10930 | D:9      | Identified a +1 pair of boots of running (Okawaru gifted it
                  | to you on level 9 of the Dungeon)
 11040 | D:9      | Found a staircase to the Orcish Mines.
 12084 | D:10     | Entered Level 10 of the Dungeon
 12104 | D:10     | Noticed a two-headed ogre
 12125 | D:9      | Killed a two-headed ogre
 12379 | D:10     | Noticed a death yak
 12390 | D:10     | Reached skill level 15 in Maces & Flails
 12398 | D:10     | Noticed a death yak
 12398 | D:10     | Noticed a death yak
 12451 | D:9      | Killed a death yak
 12606 | D:9      | Killed a death yak
 12632 | D:9      | Killed a death yak
 12950 | D:10     | Noticed a two-headed ogre
 12956 | D:10     | Killed a two-headed ogre
 12956 | D:10     | Reached XP level 12. HP: 59/77 MP: 12/12
 12990 | D:10     | Found a staircase to the Lair.
 13155 | D:10     | Reached skill level 16 in Maces & Flails
 13300 | D:10     | Noticed a two-headed ogre
 13312 | D:10     | Killed a two-headed ogre
 13541 | Lair:1   | Entered Level 1 of the Lair of Beasts
 13566 | D:10     | Received a gift from Okawaru
 13566 | D:10     | Reached skill level 5 in Shields
 13835 | Lair:1   | Noticed an eight-headed hydra
 13893 | Lair:1   | Killed an eight-headed hydra
 14483 | Lair:2   | Found a hole to the Spider Nest.
 14518 | Lair:2   | Noticed Sonja
 15117 | Lair:2   | Noticed Harold
 15143 | Lair:2   | Killed Harold
 15173 | Lair:2   | Killed Sonja
 15173 | Lair:2   | Reached skill level 10 in Shields
 15588 | Lair:3   | Found a staircase to the Swamp.
 15588 | Lair:3   | Noticed an eight-headed hydra
 15610 | Lair:3   | Killed an eight-headed hydra
 15955 | Lair:3   | Reached XP level 13. HP: 66/82 MP: 13/13
 16292 | Lair:3   | Received a gift from Okawaru
 18693 | Lair:5   | Found a labyrinth entrance.
 18768 | Lab      | Entered a labyrinth
 19295 | Lab      | Noticed a minotaur
 19313 | Lab      | Killed a minotaur
 19372 | Lab      | Identified the Compendium of Nocuous Attacks
 19374 | Lab      | Got an ichor-stained mace
 19377 | Lab      | Identified the +4 mace "Fuuf" {antimagic, +Rage rF+++ Int-5
                  | Stlth-} (You found it in a labyrinth)
 19746 | Lair:5   | Reached ****** piety under Okawaru
 19895 | Lair:5   | Gained mutation: [Your body sometimes deteriorates upon
                  | taking damage.] [potion of mutation]
 19895 | Lair:5   | Gained mutation: You can translocate small distances at
                  | will. [potion of mutation]
 19895 | Lair:5   | Gained mutation: You have a beak for a mouth. [potion of
                  | mutation]
 19919 | Lair:5   | Received a gift from Okawaru
 19965 | Lair:5   | Noticed Kirke
 19985 | Lair:5   | Killed Kirke
 19985 | Lair:5   | Reached skill level 15 in Shields
 20364 | Lair:6   | Entered Level 6 of the Lair of Beasts
 20525 | Lair:5   | Gained mutation: Your large and strong wings let you fly
                  | indefinitely. [Gargoyle growth]
 20525 | Lair:5   | Reached XP level 14. HP: 88/88 MP: 14/14
 20874 | Lair:4   | Reached skill level 5 in Armour
 20925 | Lair:6   | Found a staircase to the Slime Pits.
 21353 | Lair:5   | Received a gift from Okawaru
 22065 | Lair:6   | Reached skill level 10 in Armour
 22112 | Lair:6   | Reached skill level 1 in Invocations
 22508 | Lair:6   | Identified Sif Muna's Almanac of the Hurtful Birds
 22919 | D:11     | Noticed a vampire knight
 22938 | D:11     | Killed a vampire knight
 23053 | D:11     | Found a snail-covered altar of Cheibriados.
 23055 | D:11     | Found a basalt altar of Yredelemnul.
 23102 | D:11     | Received a gift from Okawaru
 23416 | D:11     | Identified a scroll of acquirement
 23417 | D:11     | Found the +6 shillelagh "Devastator" {shatter}
 23997 | D:12     | Reached XP level 15. HP: 85/92 MP: 18/18
 24260 | D:13     | Received a gift from Okawaru
 24269 | D:13     | Reached skill level 5 in Invocations
 25243 | Orc:1    | Entered Level 1 of the Orcish Mines
 25336 | Orc:1    | Found a roughly hewn altar of Beogh.
 25621 | Orc:2    | Entered Level 2 of the Orcish Mines
 25630 | Orc:2    | Found Xeloilio's Weapon Boutique.
 25635 | Orc:2    | Found Zoschaun's Gadget Boutique.
 25710 | Orc:2    | Found Tirof's Distillery.
 25711 | Orc:2    | Found Jempym's Food Emporium.
 26022 | Orc:2    | Found Iwugyak's Book Boutique.
 26022 | Orc:2    | Found Roumn's Antique Armour Shop.
 26022 | Orc:2    | Found a one-way gate leading to the halls of Pandemonium.
 26051 | Orc:2    | Bought a crude plate armour for 784 gold pieces
 26051 | Orc:2    | Identified the +8 plate armour of Activism {Int-4 Slay+5}
                  | (You bought it in a shop on level 2 of the Orcish Mines)
 26100 | Orc:2    | Bought a potion of curing for 48 gold pieces
 26100 | Orc:2    | Bought a potion of invisibility for 128 gold pieces
 26100 | Orc:2    | Bought a potion of berserk rage for 80 gold pieces
 26100 | Orc:2    | Bought a potion of heal wounds for 80 gold pieces
 26100 | Orc:2    | Bought a potion of curing for 48 gold pieces
 26100 | Orc:2    | Bought a potion of haste for 160 gold pieces
 26100 | Orc:2    | Bought a potion of curing for 48 gold pieces
 26148 | Orc:2    | Noticed Saint Roka
 26193 | Orc:2    | Cast into level 3 of the Abyss (Saint Roka)
 26290 | Abyss:3  | Received a gift from Okawaru
 26379 | Abyss:3  | Noticed a tentacled starspawn
 26381 | Abyss:3  | Noticed a tentacled starspawn
 26398 | Abyss:3  | Lost intelligence.
 26409 | Abyss:3  | Mangled by a tentacled starspawn

Skill      XL: |  1  2  3  4  5  6  7  8  9 10 11 12 13 14 15 |
---------------+----------------------------------------------+-----
Maces & Flails | 3 4 5 6 7 9 11 13 15 16 | 16.0
Fighting       | 4 5 6 7 9 10 | 10.2
Shields        | 11 15 | 15.3
Armour         | 11 14 | 14.2
Invocations    | 4 7 |  7.8

Action                   |  1- 3 |  4- 6 |  7- 9 | 10-12 | 13-15 || total
-------------------------+-------+-------+-------+-------+-------++-------
Melee: Flail             |   145 |   233 |   604 |   132 |       ||  1114
       Morningstar       |       |       |       |   657 |   767 ||  1424
       Peck              |       |       |       |       |   268 ||   268
       Shillelagh        |       |       |       |       |   459 ||   459
Throw: Throwing net      |       |       |       |     3 |       ||     3
Invok: Heroism           |       |       |     5 |    15 |     4 ||    24
       Finesse           |       |       |       |       |     1 ||     1
 Abil: Fly               |       |       |       |       |     1 ||     1
Evoke: Wand              |       |       |       |     2 |       ||     2
  Use: Scroll            |     4 |     3 |     4 |    10 |    19 ||    40
       Potion            |     3 |     3 |     2 |     6 |     2 ||    16
 Stab: Invisible         |       |       |     4 |       |       ||     4
       Paralysed         |       |       |       |     1 |       ||     1
       Petrifying        |       |       |       |       |     1 ||     1
       Petrified         |       |       |       |       |     7 ||     7
       Confused          |       |       |       |       |     1 ||     1
  Eat: Chunk             |     2 |     6 |     8 |    17 |     6 ||    39
       Ration            |       |       |     3 |     4 |     9 ||    16
Armor: Scale mail        |    83 |   209 |   275 |    98 |       ||   665
       Plate armour      |       |       |       |   333 |   314 ||   647
       Skin              |       |       |       |     9 |       ||     9
       Gold dragon scale |       |       |       |       |   118 ||   118
Dodge: Dodged            |    59 |    85 |   179 |   160 |   147 ||   630
       Deflected         |       |       |       |       |     1 ||     1
Block: Shield            |    94 |   140 |   315 |   532 |   872 ||  1953
